 Dungeon Crawl Stone Soup version 0.24.0-37-gcf1ca852f1 (webtiles) character file.

Game seed: 17508401125961465851, levelgen mode: deterministic

1640 grindst0ne the Covert (level 8, -1/52 HPs)
             Began as an Octopode Fighter on Nov 24, 2019.
             Was a Believer of Okawaru.
             Killed from afar by a steam dragon (15 damage)
             ... with a ball of steam
             ... on level 5 of the Dungeon.
             The game lasted 00:09:51 (5677 turns).

grindst0ne the Covert (Octopode Fighter)            Turns: 5677, Time: 00:09:52

Health: -1/52      AC:  1    Str: 16    XL:     8   Next: 99%
Magic:  8/8        EV: 16    Int: 10    God:    Okawaru [**....]
Gold:   268        SH: 11    Dex: 18    Spells: 7/7 levels left

rFire    . . .     SeeInvis .   a - +0 war axe
rCold    . . .     Gourm    .   b - +1 shield
rNeg     + . .     Faith    .   (helmet restricted)
rPois    .         Spirit   .   (no amulet)
rElec    .         Reflect  .   j - +5 ring of dexterity
rCorr    .         Harm     .   q - ring of positive energy
MR       .....                  (no ring)
Stlth    ++++++....             (no ring)
HPRegen  0.17/turn              (no ring)
MPRegen  0.11/turn              (no ring)
                                (no ring)
                                (no ring)

@: no status effects
A: almost no armour, stealthy swim, amphibious, 8 rings, constrict 8, camouflage
1, gelatinous body 1
a: Heroism, Renounce Religion


You were on level 5 of the Dungeon.
You worshipped Okawaru.
Okawaru was pleased with you.
You were hungry.

You visited 1 branch of the dungeon, and saw 5 of its levels.
You also visited: Ossuary.

You collected 268 gold pieces.

Inventory:

Hand Weapons
 a - a +0 war axe (weapon)
 e - a +1 dagger of venom
Armour
 b - a +1 shield (worn)
Jewellery
 f - an uncursed ring of ice
 j - a +5 ring of dexterity (left tentacle)
 q - a ring of positive energy (right tentacle)
 v - an uncursed ring of fire
Wands
 p - a wand of clouds (3)
Scrolls
 h - 2 scrolls of identify {unknown}
 i - a scroll of remove curse
 k - a scroll of magic mapping
 r - 2 scrolls of teleportation
 t - a scroll of fear {unknown}
 u - a scroll of enchant weapon {unknown}
Potions
 c - a potion of lignification
 g - a potion of degeneration {unknown}
 l - 3 potions of curing
 m - a potion of invisibility {unknown}
 n - a potion of brilliance {unknown}
 o - 2 potions of ambrosia {unknown}
 x - a potion of resistance {unknown}
Comestibles
 d - 4 rations


   Skills:
 - Level 3.1 Fighting
 - Level 2.0 Short Blades
 - Level 2.1 Axes
 + Level 6.1 Dodging
 * Level 10.4 Stealth
 + Level 6.1 Shields


You had 7 spell levels left.
You didn't know any spells.
Your spell library was empty.

Dungeon Overview and Level Annotations

Branches:
Dungeon (5/15)            Ossuary (visited)
 Temple: D:4-7

Altars:
Okawaru
Ru

Shops:
D:4 %


Innate Abilities, Weirdness & Mutations

You cannot wear most types of armour.
You are very stealthy in the water. (Stealth+)
You are amphibious.
You can wear up to eight rings at the same time.
You can use your tentacles to constrict eight enemies at once.
Your skin changes colour to match your surroundings (Stealth+).
Your rubbery body absorbs attacks. (AC +1, EV +1)


Message History

The steam dragon claws you but does no damage.
You hit the steam dragon but do no damage.
The steam dragon is heavily wounded.
The steam dragon breathes steam at you. The ball of steam hits you!!
You block the steam dragon's attack. x2
You hit the steam dragon.
The steam dragon is severely wounded.
The steam dragon bites you.
* * * LOW HITPOINT WARNING * * *
The steam dragon completely misses you. The steam dragon breathes steam at you.
The ball of steam misses you. The steam dragon misses you.
The steam dragon barely misses you.
You hit the steam dragon but do no damage.
Your squeeze misses the steam dragon.
The steam dragon is severely wounded.
The steam dragon breathes steam at you. The ball of steam hits you!
You die...

##....'.....................
#....######.######.##...(..
###### #...# #.##......
###.####..#......
####...###.#####.# #.§§§..#
#.## #.# #......# #..# #.#
###+##.§§...####.####.#
#.....@D#...#.........#
#.......#...#.###.#####
#.......'...#.......#..
#.......#...######.##..
#.......###.# #..#..
######### '# ##.'..
.........#.. ......##..
...... #..


You could see a steam dragon.

Vanquished Creatures
  A steam dragon (D:5)
  A water moccasin (D:5)
  A sky beast (D:5)
  2 ogres (D:5)
  7 scorpions (Ossuary)
  2 centaur zombies (Ossuary)
  A bullfrog skeleton (D:5)
  A human zombie (Ossuary)
  2 hounds (D:4)
  6 orc wizards
  An iguana (D:4)
  5 worker ants
  2 big kobold zombies (Ossuary)
  3 mummies (Ossuary)
  A worker ant zombie (D:5)
  An adder (D:2)
  3 scorpion zombies (Ossuary)
  A shadow imp (D:5)
  3 oozes
  3 adder skeletons
  4 worms
  A dart slug (D:1)
  2 leopard geckos
  12 orcs
  4 giant cockroaches
  9 goblins
  5 hobgoblins
  9 jackals
  4 ball pythons
  7 bats
  5 frilled lizards
  2 gnoll zombies (Ossuary)
  A goblin zombie (Ossuary)
  3 hobgoblin zombies (Ossuary)
  8 kobolds
  2 kobold zombies (Ossuary)
  An orc zombie (Ossuary)
  A quokka skeleton (D:4)
  A quokka zombie (D:5)
  6 rats
134 creatures vanquished.

Vanquished Creatures (collateral kills)
  A scorpion (Ossuary)
1 creature vanquished.

Vanquished Creatures (others)
  A hobgoblin zombie (Ossuary)
  4 fungi (D:5)
5 creatures vanquished.

Grand Total: 140 creatures vanquished

Notes
Turn   | Place    | Note
-------+----------+-------------------------------------------
     0 | D:1      | grindst0ne the Octopode Fighter began the quest for the
                  | Orb.
     0 | D:1      | Reached XP level 1. HP: 16/16 MP: 1/1
    31 | D:1      | Reached XP level 2. HP: 16/21 MP: 2/2
   202 | D:1      | Reached skill level 1 in Stealth
   208 | D:1      | Reached XP level 3. HP: 19/26 MP: 3/3
   402 | D:2      | Reached skill level 1 in Short Blades
   402 | D:2      | Reached skill level 2 in Stealth
   402 | D:2      | Reached XP level 4. HP: 9/31 MP: 4/4
  1702 | D:3      | Found an iron altar of Okawaru.
  1891 | D:3      | Became a worshipper of Warmaster Okawaru
  2023 | D:3      | Reached skill level 3 in Stealth
  2148 | D:3      | Reached XP level 5. HP: 34/36 MP: 5/5
  2367 | D:3      | You fall into a shaft and drop 1 floor!
  2367 | D:4      | Found Aczeph's Food Boutique.
  2370 | D:4      | Reached skill level 4 in Stealth
  2373 | D:4      | Found a sacrificial altar of Ru.
  2432 | D:4      | Found a sand-covered staircase.
  2479 | Ossuary  | Entered an ossuary
  2555 | Ossuary  | Reached skill level 5 in Stealth
  2555 | Ossuary  | Reached XP level 6. HP: 29/42 MP: 6/6
  2748 | Ossuary  | Reached * piety under Okawaru
  2754 | Ossuary  | Reached skill level 6 in Stealth
  2930 | Ossuary  | Reached XP level 7. HP: 32/46 MP: 7/7
  3371 | Ossuary  | Reached skill level 7 in Stealth
  3710 | Ossuary  | Reached skill level 5 in Dodging
  3710 | Ossuary  | Reached skill level 5 in Shields
  3980 | D:4      | Reached skill level 8 in Stealth
  4157 | D:4      | Reached XP level 8. HP: 52/52 MP: 8/8
  4466 | D:5      | Entered Level 5 of the Dungeon
  4584 | D:5      | Reached ** piety under Okawaru
  4622 | D:5      | Reached skill level 9 in Stealth
  5220 | D:5      | Reached skill level 10 in Stealth
  5677 | D:5      | Killed from afar by a steam dragon

Levels and vault maps discovered:
D:1:      dpeg_arrival_rooms_with_view, layout_rooms
D:2:      layout_basic, first_ration, minivault_19
D:3:      layout_basic, grunt_ministairs_6, minmay_misc_feat_rugged,
          okawaru_gym_becter
D:4:      layout_basic, nicolae_ossuary_entry_false_entrances, serial_shops,
          nicolae_shop_window_shopping, nicolae_ru_sacrificial_ziggurat
D:5:      kennysheep_steamy, layout_basic, kennysheep_small_square

Skill      XL: |  1  2  3  4  5  6  7  8 |
---------------+-------------------------+-----
Stealth        | 1 2 3 5 6 8 10 | 10.4
Short Blades   | 1 2 |  2.0
Dodging        | 4 5 6 |  6.1
Shields        | 4 5 6 |  6.1
Fighting       | |  3.1
Axes           | |  2.1

Action                   |  1- 3 |  4- 6 |  7- 9 || total
-------------------------+-------+-------+-------++-------
Melee: War axe           |    15 |    26 |    87 ||   128
       Constrict         |    17 |    28 |    35 ||    80
       Tentacles         |     7 |    26 |    38 ||    71
       Dagger            |    38 |    71 |    44 ||   153
Evoke: Wand              |       |     1 |       ||     1
  Use: Potion            |       |     3 |     3 ||     6
       Scroll            |       |       |     7 ||     7
 Stab: Sleeping          |     1 |    14 |    15 ||    30
       Confused          |       |       |     2 ||     2
       Distracted        |       |       |     1 ||     1
  Eat: Chunk             |       |     5 |     6 ||    11
       Ration            |       |       |     1 ||     1
Armor: Skin              |    10 |     4 |     8 ||    22
Dodge: Dodged            |    20 |    44 |    55 ||   119
Block: Shield            |    24 |    39 |    59 ||   122
